Map: Pillars of Gold LE

Players

PiLiPiLi - Winner!

  • Race: Protoss Protoss
  • League: Grandmaster
  • Spawn Location: 1:00

starkiller

  • Race: Zerg Zerg
  • Spawn Location: 7:00

Event: DreamHack SC2 Masters 2020 Winter

VOD

Have the link to the VOD?

Description

Time

  • Played on: Oct. 15, 2020, 7:57 p.m.
  • Length: 9:34

All games in this series

Show
View Real Time Build Order
Export as new Build Order

PiLiPiLi Protoss - Winner!

Build Orders: 1 Gate Expand, Oracle Opening, Phoenix Opening 

Get SALT Encoding   

  12  0:00  Probe  
  13  0:12  Probe  
  14  0:19  Pylon  
  14  0:24  Probe  
  15  0:38  Probe (Chrono Boost)  
  15  0:39  Gateway  
  16  0:47  Probe (Chrono Boost)  
  17  0:51  Assimilator  
  17  0:52  Probe (Chrono Boost)  
  19  1:04  Probe  
  19  1:16  Probe  
  20  1:25  Nexus  
  20  1:35  Cybernetics Core  
  20  1:39  Probe  
  21  1:45  Assimilator  
  21  1:51  Probe  
  22  1:57  Pylon  
  22  2:06  Probe  
  23  2:13  Adept (Chrono Boost)  
  25  2:18  Probe  
  26  2:24  Stargate  
  26  2:31  Probe  
  26  2:33  Adept (Chrono Boost)  
  28  2:37  Warp Gate  
  28  2:39  Probe  
  29  2:45  Probe  
  30  2:51  Probe  
  30  2:55  Shield Battery  
  30  2:57  Probe  
  32  3:03  Probe  
  33  3:09  Probe  
  33  3:11  Oracle (Chrono Boost)  
  32  3:15  Probe  
  36  3:21  Probe  
  37  3:28  Probe  
  37  3:33  Gateway, Probe  
  39  3:34  Gateway  
  39  3:38  Phoenix (Chrono Boost)  
  41  3:43  Probe  
  42  3:50  Probe  
  42  3:53  Pylon  
  43  3:56  Probe  
  43  3:57  Robotics Facility  
  44  4:03  Probe  
  46  4:10  Probe, Oracle (Chrono Boost)  
  46  4:11  Assimilator  
  46  4:16  Assimilator, Probe  
  50  4:19  Pylon  
  50  4:29  Probe  
  50  4:30  Probe  
  52  4:32  Adept  
  52  4:33  Pylon  
  54  4:40  Adept  
  54  4:43  Probe  
  54  4:45  Probe  
  58  4:58  Probe, Immortal (Chrono Boost)  
  63  5:01  Nexus  
  63  5:13  Sentry x3  
  69  5:17  Pylon  
  69  5:20  Pylon x2  
  69  5:33  Warp Prism  
  69  5:35  Gateway  
  69  5:37  Gateway  
  69  5:42  Gateway  
  71  5:47  Gateway  
  71  5:54  Sentry x3  
  77  6:03  Pylon  
  77  6:05  Gateway  
  74  6:18  Stalker x2  
  76  6:19  Stalker  
  79  6:26  Pylon  
  79  6:31  Adept  
  81  6:40  Stalker x3 (Chrono Boost), Pylon  
  81  6:42  Pylon, Sentry  
  81  6:43  Stalker x2, Sentry x2  
  81  6:45  Stalker  
  90  7:02  Stalker  
  90  7:08  Zealot x4  
  98  7:13  Warp Prism (Chrono Boost)  
  72  7:30  Adept x5  
  72  7:34  Sentry x3  
  88  7:48  Robotics Bay  
  88  8:01  Adept x6  
  94  8:26  Stalker x6  
  106  8:31  Pylon  
  106  8:36  Colossus (Chrono Boost)  
  100  9:05  Adept x6  
  86  9:12  Adept x2  
  84  9:27  Adept  
  84  9:28  Adept x3  
  84  9:30  Adept  
Show
View Real Time Build Order
Export as new Build Order

starkiller Zerg 

Build Orders: Pool First 

Get SALT Encoding   

  12  0:00  Drone  
  13  0:08  Drone  
  13  0:14  Extractor  
  13  0:15  Drone  
  15  0:22  Overlord  
  15  0:38  Extractor  
  15  0:41  Drone x2  
  16  0:44  Drone  
  17  0:52  Spawning Pool  
  17  0:55  Drone  
  17  1:20  Hatchery  
  17  1:24  Drone  
  17  1:28  Drone  
  18  1:39  Metabolic Boost  
  18  1:40  Zergling x2  
  19  1:50  Queen  
  21  1:56  Overlord  
  21  2:01  Drone  
  22  2:15  Drone x2  
  24  2:20  Drone  
  25  2:28  Hatchery  
  24  2:37  Zergling x4  
  24  2:42  Queen  
  28  2:47  Overlord  
  28  2:51  Drone  
  29  2:56  Overlord  
  29  2:58  Drone  
  30  3:05  Drone x2  
  32  3:11  Spore Crawler  
  31  3:14  Drone  
  31  3:17  Overlord  
  33  3:22  Drone x2  
  33  3:24  Spore Crawler  
  33  3:25  Spore Crawler  
  33  3:27  Drone  
  33  3:30  Drone  
  35  3:37  Drone  
  35  3:40  Spore Crawler  
  35  3:42  Queen  
  35  3:47  Drone  
  35  3:48  Drone  
  39  3:51  Drone  
  39  3:54  Drone x2  
  42  3:55  Drone  
  42  3:58  Drone  
  42  4:00  Drone  
  42  4:02  Drone  
  45  4:12  Drone x2  
  45  4:16  Lair  
  45  4:17  Extractor  
  46  4:19  Extractor  
  46  4:20  Drone x2  
  46  4:21  Drone  
  46  4:22  Drone  
  49  4:24  Drone  
  49  4:27  Drone x2  
  49  4:30  Drone  
  49  4:31  Drone  
  54  4:32  Drone  
  54  4:35  Drone  
  56  4:43  Evolution Chamber, Drone x3  
  58  4:47  Overlord  
  58  4:48  Drone  
  58  4:49  Drone  
  58  4:50  Drone  
  58  4:52  Drone  
  62  4:53  Drone  
  62  4:57  Drone x2  
  62  4:59  Overlord  
  63  5:03  Extractor  
  61  5:12  Drone x7  
  64  5:19  Zerg Missile Weapons Level 1  
  64  5:23  Hydralisk Den  
  62  5:28  Spore Crawler  
  62  5:29  Spore Crawler  
  62  5:34  Drone x2  
  64  5:37  Hatchery  
  64  5:41  Drone x2, Extractor  
  64  5:42  Drone  
  65  5:44  Zergling x2  
  65  5:45  Zergling x8  
  65  5:46  Zergling x4  
  72  5:54  Muscular Augments  
  72  5:56  Overlord  
  72  5:57  Overlord  
  72  6:00  Overlord  
  72  6:01  Overlord  
  72  6:03  Overlord  
  69  6:13  Drone x4  
  71  6:19  Hydralisk x3  
  71  6:22  Hydralisk  
  71  6:23  Hydralisk  
  80  6:29  Hydralisk x2  
  84  6:35  Spine Crawler  
  84  6:37  Spine Crawler, Hydralisk  
  84  6:40  Hydralisk  
  84  6:44  Hydralisk  
  84  6:46  Hydralisk  
  90  6:51  Hydralisk  
  90  6:52  Hydralisk  
  94  6:55  Hydralisk  
  94  7:00  Hydralisk  
  72  7:16  Hydralisk x2  
  64  7:24  Hydralisk  
  58  7:33  Hydralisk  
  60  7:37  Hydralisk  
  60  7:41  Hydralisk  
  64  7:45  Hydralisk  
  64  7:48  Hydralisk  
  68  7:52  Hydralisk  
  68  7:59  Hydralisk  
  58  8:13  Hydralisk x2  
  58  8:18  Hydralisk  
  56  8:25  Hydralisk  
  58  8:38  Hydralisk  
  60  8:44  Hydralisk  
  62  8:49  Hydralisk  
  62  8:54  Hydralisk  
  66  9:00  Hydralisk  
Tags
 
Add a new tag
Caveats
  • Supply blocks, unpowered buildings, or Contaminate may cause inaccurate times.
  • Supply counts are checked every 10 seconds.